 Dungeon Crawl Stone Soup version 0.29-a0-892-g2c4c91d9db (webtiles) character file.

Game seed: 3718487520086432233

1236 wingedge the Caller (level 8, 0/60 HPs)
             Began as a Human Wanderer on July 22, 2022.
             Slain by an orc priest
             ... wielding a +0 falchion
              (4 damage)
             ... on level 7 of the Dungeon.
             The game lasted 00:28:20 (8282 turns).

wingedge the Caller (Human Wanderer)                Turns: 8282, Time: 00:28:20

Health: 0/60       AC:  4    Str:  9    XL:     8   Next: 78%
Magic:  6/22       EV: 13    Int: 17    God:
Gold:   194        SH:  0    Dex: 21    Spells: 7/13 levels left

rFire   . . .      SeeInvis .   a - +2 dagger (vorpal)
rCold   . . .      Faith    .   (no shield)
rNeg    . . .      Spirit   .   v - +1 robe "Gidohush" {rElec Str+2 Int+3 Stlth-}
rPois   .          Reflect  .   d - +0 helmet
rElec   +          Harm     .   (no cloak)
rCorr   .          Rampage  .   (no gloves)
Will    .....      Clarity  +   (no boots)
Stlth   +.........              i - amulet of the acrobat
HPRegen 0.20/turn               x - ring of magical power
MPRegen 0.18/turn               (no ring)

@: no status effects
A: hooves 1, agile 1, clarity
a: no special abilities


You were on level 7 of the Dungeon.
You visited 1 branch of the dungeon, and saw 7 of its levels.

You collected 254 gold pieces.
You spent 39 gold pieces at shops.
You donated 21 gold pieces to Zin.

Inventory:

Hand Weapons
 a - a +2 vorpal dagger (weapon)
 b - a +0 sling
Missiles
 t - 5 poisoned darts
 u - 5 atropa-tipped darts
Armour
 c - an orb of energy
 d - a +0 helmet (worn)
 n - a +0 kite shield
 v - the +1 robe "Gidohush" (worn) {rElec Str+2 Int+3 Stlth-}
   (You found it on level 7 of the Dungeon)

   Str:       It affects your strength (+2).
   Int:       It affects your intelligence (+3).
   rElec:     It insulates you from electricity.
   Stlth:     It makes you less stealthy.
Jewellery
 i - an amulet of the acrobat (around neck)
 x - a ring of magical power (left hand)
Scrolls
 e - a scroll of vulnerability
 g - 4 scrolls of immolation
 h - a scroll of blinking
 j - 2 scrolls of enchant weapon
 k - a scroll of teleportation
 l - a scroll of poison
 s - a scroll of amnesia
Potions
 f - 2 potions of attraction {unknown}
 m - 2 potions of curing
 o - 2 potions of flight
 p - a potion of degeneration {unknown}
 q - a potion of haste {unknown}
 r - a potion of experience {unknown}


   Skills:
 + Level 3.9 Fighting
 - Level 3.0 Ranged Weapons
 - Level 2.0 Throwing
 - Level 1.0 Armour
 - Level 2.0 Dodging
 - Level 2.0 Stealth
 + Level 3.4 Spellcasting
 + Level 3.1 Hexes
 * Level 5.2 Summonings
 * Level 3.3 Fire Magic
 + Level 2.6 Invocations
 - Level 1.0 Evocations


You had 7 spell levels left.
You knew the following spells:

 Your Spells              Type           Power      Damage    Failure   Level
a - Call Canine Familiar  Summ           20%        N/A       6%          3
b - Inner Flame           Hex/Fire       13%        N/A       13%         3

Your spell library contained the following spells:

 Spells                   Type           Power      Damage    Failure   Level
 Confusing Touch          Hex            13%        N/A       14%         3
 Shock                    Conj/Air       8%         1d3       17%         1
 Portal Projectile        Hex/Tloc       16%        N/A       26%         3
 Cause Fear               Hex            6%         N/A       43%         4
 Swiftness                Air            3%         N/A       45%         3
 Leda's Liquefaction      Hex/Erth       4%         N/A       65%         4
 Airstrike                Air            1%         0-2+      86%         4
 Yara's Violent Unravell  Hex/Tmut       4%         3d4       94%         5
 Alistair's Intoxication  Tmut/Pois      1%         N/A       99%         5
 Borgnjor's Vile Clutch   Necr/Erth      1%         N/A       99%         5
 Dispersal                Tloc           1%         N/A       100%        6
 Eringya's Noxious Bog    Tmut/Pois      1%         N/A       100%        6
 Enfeeble                 Hex            6%         N/A       100%        7
 Discord                  Hex            6%         N/A       100%        8
 Disjunction              Tloc           1%         N/A       100%        8


Dungeon Overview and Level Annotations

Branches:
Dungeon (7/15)             Temple (0/1) D:5

Altars:
Kikubaaqudgha
Qazlal
Zin

Shops:
D:3 :   D:4 ?

Annotations:
D:6 Maggie


Innate Abilities, Weirdness & Mutations

You have large cloven feet.
You are agile. (Dex +4, Str/Int -1)
You possess an exceptional clarity of mind.


Message History

The orc priest is moderately wounded.
Your hound barely misses the orc priest.
The orc priest hits you with a +0 falchion.
Your hound bites the orc priest but does no damage.
You shoot a sling bullet.
The sling bullet completely misses the orc priest.
Your hound bites the orc priest.
The orc priest hits you with a +0 falchion.
Your hound bites the orc priest but does no damage.
The orc priest hits you with a +0 falchion!
Throw: 6 darts (atropa)
Press: ? - help, Shift-Dir - straight line, f/p - orc priest
Aim: an orc priest, wielding a +0 falchion and wearing a +0 chain mail (moderately wounded, ally target, 71% to hit, chance to blind on hit: 83%)
You throw an atropa-tipped dart.
The atropa-tipped dart hits the orc priest.
The orc priest resists.
The orc priest is moderately wounded.
Your hound bites the orc priest but does no damage.
a - a +2 vorpal dagger (weapon)
Your hound completely misses the orc priest.
The orc priest barely misses you.
You hit the orc priest but do no damage.
You kick the orc priest, but do no damage.
The orc priest is moderately wounded.
Your hound bites the orc priest but does no damage.
The orc priest hits you with a +0 falchion.
* * * LOW HITPOINT WARNING * * *
Your hound barely misses the orc priest.
You hit the orc priest but do no damage.
You kick the orc priest.
The orc priest is heavily wounded.
Your hound bites the orc priest but does no damage.
The orc priest calls down the wrath of Beogh upon you.
Beogh smites you!
* * * LOW HITPOINT WARNING * * *
You closely miss the orc priest.
The orc priest is heavily wounded.
Your hound bites the orc priest but does no damage.
The orc priest hits you with a +0 falchion.
You die...

#######
#...@.#
#..o..#
#..h..#
#.....#
[......#
.........
#.########
#.


You could see an orc priest (ally target) and a friendly hound (summoned).

Vanquished Creatures
  Prince Ribbit (D:6)
  Sigmund (D:3)
  A scorpion (D:5)
  A nameless horror (D:3)
  Jessica (D:3)
  An orc wizard (D:2)
  Robin (D:4)
  6 adders
  A gnoll (D:2)
  2 shadow imps (D:5)
  3 white imps (D:6)
  An ufetubus (D:6)
  2 worms (D:3)
  10 orcs
  8 bats
  3 endoplasms (D:2)
  5 giant cockroaches
  15 hobgoblins
  9 jackals
  4 kobolds
  3 quokkas
  11 ball pythons
  4 frilled lizards
  9 goblins
  5 rats
108 creatures vanquished.

Vanquished Creatures (collateral kills)
  A black bear (D:5)
  2 ogres (D:5)
  2 necrophages
  A howler monkey (D:5)
  A quasit (D:6)
  An iguana (D:4)
  An orc wizard (D:3)
  An adder (D:4)
  A shadow imp (D:6)
  A white imp (D:6)
  An ufetubus (D:6)
  A worm (D:3)
  A dart slug (D:3)
  4 orcs
  A ball python (D:4)
  2 endoplasms
  6 goblins (D:4)
  A hobgoblin (D:4)
  A quokka (D:5)
  A kobold (D:3)
31 creatures vanquished.

Vanquished Creatures (others)
  A human (D:4)
  7 demonic plants (D:6)
  2 fungi (D:5)
10 creatures vanquished.

Grand Total: 149 creatures vanquished

Notes
Turn   | Place    | Note
-------+----------+-------------------------------------------
     0 | D:1      | wingedge the Human Wanderer began the quest for the Orb.
     0 | D:1      | wingedge set off with the following items: a +0 vorpal
                  | dagger, 2 curare-tipped darts, a +0 sling, a +0 helmet, a
                  | scroll of blinking, a +0 robe.
     0 | D:1      | Reached XP level 1. HP: 13/13 MP: 2/2
    75 | D:1      | Reached skill level 1 in Fighting
   135 | D:1      | Reached XP level 2. HP: 21/21 MP: 3/3
   610 | D:1      | Reached XP level 3. HP: 27/27 MP: 4/4
   670 | D:1      | Reached skill level 1 in Summonings
  1294 | D:2      | Reached skill level 1 in Hexes
  1490 | D:2      | Reached XP level 4. HP: 30/33 MP: 6/6
  1514 | D:2      | Found a faded altar of an unknown god.
  2097 | D:2      | Reached skill level 2 in Summonings
  2548 | D:2      | Gained mutation: You possess an exceptional clarity of
                  | mind. [potion of mutation]
  2548 | D:2      | Gained mutation: You are agile. (Dex +4, Str/Int -1)
                  | [potion of mutation]
  2548 | D:2      | Gained mutation: You have large cloven feet. [potion of
                  | mutation]
  2557 | D:2      | Reached XP level 5. HP: 29/38 MP: 7/7
  3045 | D:3      | Noticed Sigmund
  3376 | D:3      | Killed Sigmund
  3377 | D:3      | Reached skill level 1 in Stealth
  3377 | D:3      | Reached skill level 3 in Summonings
  3377 | D:3      | Reached XP level 6. HP: 46/46 MP: 9/9
  3381 | D:3      | Learned a level 3 spell: Call Canine Familiar
  3513 | D:3      | Noticed Jessica
  3521 | D:3      | Killed Jessica
  3586 | D:3      | Found a glowing silver altar of Zin.
  3627 | D:3      | Became a worshipper of Zin the Law-Giver
  3627 | D:3      | Reached * piety under Zin
  3700 | D:3      | Reached XP level 7. HP: 52/52 MP: 4/10
  3984 | D:3      | Found Guper's Book Emporium.
  4552 | D:4      | Found Notz's Magic Scroll Boutique.
  4555 | D:4      | Bought a scroll of identify for 26 gold pieces
  4555 | D:4      | Bought a scroll of noise for 13 gold pieces
  4623 | D:4      | Reached skill level 1 in Invocations
  4864 | D:4      | Learned a level 3 spell: Inner Flame
  5026 | D:4      | Reached skill level 4 in Summonings
  5093 | D:4      | You fall into a shaft and drop 3 floors!
  5093 | D:7      | Found a stormy altar of Qazlal.
  5103 | D:7      | Identified the +1 robe "Gidohush" {rElec Str+2 Int+3
                  | Stlth-}
  5132 | D:7      | Noticed a steam dragon
  5155 | D:6      | Noticed an acid dragon
  5162 | D:6      | Reached skill level 1 in Fire Magic
  5492 | D:5      | Entered Level 5 of the Dungeon
  5661 | D:5      | Reached ** piety under Zin
  5814 | D:5      | Reached XP level 8. HP: 26/58 MP: 7/12
  6078 | D:5      | Found a staircase to the Ecumenical Temple.
  7175 | D:4      | Noticed Robin
  7177 | D:4      | Was placed under penance by Zin
  7178 | D:4      | Fell from the grace of Zin
  7192 | D:4      | Killed Robin
  7849 | D:4      | Found an ancient bone altar of Kikubaaqudgha.
  7849 | D:4      | Noticed a human
  7852 | D:4      | Killed a human
  8016 | D:6      | Reached skill level 5 in Summonings
  8230 | D:6      | Noticed Prince Ribbit
  8233 | D:6      | Killed Prince Ribbit
  8237 | D:6      | Noticed Maggie
  8281 | D:7      | HP: 3/60 [orc priest/divine providence (12)]
  8282 | D:7      | Slain by an orc priest

Illustrated notes

Levels and vault maps discovered:
D:1:      dpeg_arrival_rhombus, layout_loops_corners
D:2:      minmay_recursive_quarters, layout_basic,
          shapermc_ecumenical_altar_mp_highgroup, dreamdust_princess_corridor,
          minmay_misc_feat_cross, minmay_small_reverse_x
D:3:      layout_loops_cross, zin_statuary, serial_shops,
          nicolae_shop_advertising_works [nicolae_subvault_shop_adworks],
          minmay_misc_feat_rugged, uniq_sigmund, uniq_jessica
D:4:      nicolae_cairo_tiling_large, layout_basic, tgw_kikubaaqudgha,
          serial_shops, nicolae_shop_crystal, uniq_robin
D:5:      layout_loops_ring, minmay_temple_entry_sparse_star, serial_aquarium,
          aquarium_bridge_straight [aquarium_subvault_bridge,
          aquarium_subvault_balcony, aquarium_subvault_bridge,
          aquarium_subvault_wall], aquarium_window_1, aquarium_window_fake,
          aquarium_view_2a, aquarium_pool_five, kennysheep_nondescript
D:6:      layout_loops_corners, serial_demonic, serial_demonic_f,
          serial_demonic_b, serial_demonic_d, serial_demonic_d,
          serial_demonic_f, serial_demonic_d, serial_demonic_c,
          serial_demonic_g, serial_demonic_e, serial_demonic_d,
          kennysheep_generic_room_11, uniq_duvessa, uniq_prince_ribbit1,
          uniq_maggie
D:7:      layout_basic, fedhas_altar_2, grunt_qazlal_clouds, lightli_orcish_oven

Skill      XL: |  1  2  3  4  5  6  7  8 |
---------------+-------------------------+-----
Fighting       | 1 2 3 |  3.9
Summonings     | 1 2 3 4 5 |  5.2
Hexes          | 1 2 3 |  3.1
Spellcasting   | 2 3 |  3.4
Stealth        | 1 2 |  2.0
Invocations    | 1 2 |  2.6
Fire Magic     | 1 3 |  3.3
Ranged Weapons | |  3.0
Throwing       | |  2.0
Armour         | |  1.0
Dodging        | |  2.0
Evocations     | |  1.0

Action                   |  1- 3 |  4- 6 |  7- 9 || total
-------------------------+-------+-------+-------++-------
Melee: Dagger            |    30 |   137 |    99 ||   266
       Spear             |     1 |       |       ||     1
       Punch             |     1 |     2 |     2 ||     5
       Kick              |       |    22 |    39 ||    61
 Fire: Sling             |    59 |    53 |    22 ||   134
Throw: Dart              |     5 |     2 |     1 ||     8
 Cast: Call Canine Famil |       |     2 |    42 ||    44
       Inner Flame       |       |       |     8 ||     8
Invok: Renounce Religion |       |       |     1 ||     1
  Use: Potion            |       |     3 |     2 ||     5
       Scroll            |       |     2 |    12 ||    14
 Stab: Sleeping          |     2 |       |     1 ||     3
Armor: Robe              |     5 |    36 |    23 ||    64
       Skin              |       |    31 |       ||    31
Dodge: Dodged            |    28 |   139 |   106 ||   273

Table legend: (Time is in decaauts)
 A = Elapsed time spent in this place.
 B = Non-inter-level travel time spent in this place.
 C = Inter-level travel time spent in this place.
 D = Time resting spent in this place.
 E = Time spent auto-exploring this place.
 F = Levels seen in this place.
 G = Mean time per level.
                   A        B        C        D        E       F      G
               +--------+--------+--------+--------+--------+-----+--------+
         Total |   8309 |   8042 |    267 |   2028 |   4654 |   7 | 1187.0 |
       Dungeon |   8309 |   8042 |    267 |   2028 |   4654 |   7 | 1187.0 |
               +--------+--------+--------+--------+--------+-----+--------+

Top non-repeatable levels by time:
     D:2: 1870 daAuts
     D:5: 1700 daAuts
     D:3: 1610 daAuts
     D:4: 1359 daAuts
     D:1: 1084 daAuts
     D:6: 609 daAuts
     D:7: 75 daAuts
